Map: Ephemeron LE

Players

Stephano - Winner!

  • Race: Zerg Zerg
  • Spawn Location: 5:00

JonSnow

  • Race: Zerg Zerg
  • Spawn Location: 11:00

VOD

Have the link to the VOD?

Description

Time

  • Played on: Sept. 6, 2019, 6:06 p.m.
  • Length: 7:31
Show
View Real Time Build Order
Export as new Build Order

Stephano Zerg - Winner!

Build Orders: Hatch First 

Get SALT Encoding   

  12  0:00  Drone  
  13  0:12  Overlord  
  13  0:16  Drone  
  14  0:30  Drone x2  
  16  0:47  Hatchery  
  15  0:51  Drone  
  15  0:54  Drone  
  17  0:58  Drone  
  18  1:07  Extractor  
  17  1:13  Spawning Pool  
  17  1:16  Drone  
  17  1:20  Drone  
  18  1:27  Drone  
  19  1:38  Drone  
  20  1:48  Drone  
  21  1:59  Queen x2  
  21  2:00  Overlord, Zergling x2  
  26  2:10  Drone  
  26  2:11  Drone, Metabolic Boost  
  28  2:20  Drone  
  28  2:21  Drone  
  30  2:32  Hatchery  
  29  2:39  Queen  
  31  2:44  Overlord  
  31  2:48  Drone  
  31  2:49  Drone  
  33  2:56  Drone, Baneling Nest  
  33  3:00  Drone  
  35  3:05  Zergling x4  
  35  3:12  Overlord  
  36  3:14  Drone  
  36  3:17  Drone  
  39  3:20  Overlord, Drone  
  39  3:22  Drone  
  39  3:27  Drone  
  41  3:30  Drone x2  
  43  3:36  Drone  
  43  3:40  Drone, Baneling  
  45  3:45  Drone  
  45  3:47  Drone x3  
  49  3:52  Zergling x6  
  49  3:54  Drone x2  
  54  3:58  Lair  
  54  3:59  Extractor x2  
  52  4:04  Evolution Chamber  
  52  4:07  Roach Warren  
  52  4:09  Baneling  
  50  4:10  Drone x2  
  50  4:13  Zergling x6  
  55  4:18  Drone x2  
  55  4:19  Drone  
  55  4:23  Drone x3  
  61  4:27  Overlord  
  61  4:31  Overlord  
  61  4:32  Drone  
  61  4:33  Drone  
  61  4:36  Drone  
  62  4:39  Drone x2  
  62  4:43  Zerg Missile Weapons Level 1  
  62  4:45  Drone x2, Extractor  
  63  4:47  Baneling x2  
  63  4:49  Zergling x4  
  65  4:53  Overlord  
  65  4:57  Extractor  
  65  4:58  Drone x2  
  65  4:59  Drone  
  67  5:00  Drone  
  67  5:07  Drone  
  69  5:10  Drone x4  
  69  5:13  Overlord  
  71  5:18  Glial Reconstitution  
  71  5:19  Overlord x2  
  70  5:29  Roach x5  
  70  5:32  Roach x2  
  70  5:34  Roach  
  85  5:37  Roach x2  
  85  5:42  Roach x2  
  93  5:50  Roach x5  
  93  5:54  Roach x2  
  93  5:55  Roach  
  109  5:59  Roach x2  
  113  6:09  Overlord  
  113  6:10  Overlord  
  113  6:12  Overlord  
  113  6:13  Baneling x6  
  113  6:16  Overlord  
  113  6:18  Overlord  
  113  6:19  Overlord  
  113  6:29  Roach x5  
  113  6:32  Roach x4  
  131  6:35  Ravager x3  
  131  6:36  Ravager  
  131  6:38  Roach x3  
  141  6:41  Roach  
  141  6:46  Roach x3  
  149  6:47  Roach  
  149  6:51  Roach x2  
  155  6:57  Roach x2  
  159  7:04  Roach  
  156  7:10  Roach x3  
Show
View Real Time Build Order
Export as new Build Order

JonSnow Zerg 

Build Orders: Hatch First 

Get SALT Encoding   

  12  0:00  Drone  
  13  0:12  Overlord  
  13  0:16  Drone  
  14  0:30  Drone  
  14  0:31  Drone  
  16  0:49  Hatchery  
  15  0:52  Drone  
  15  0:56  Drone  
  17  1:00  Drone  
  18  1:10  Extractor  
  17  1:18  Spawning Pool  
  17  1:19  Drone  
  17  1:23  Drone  
  18  1:28  Drone  
  19  1:39  Drone  
  20  1:50  Overlord  
  20  2:02  Drone x2  
  20  2:05  Queen x2  
  26  2:11  Drone  
  26  2:12  Metabolic Boost  
  27  2:17  Zergling x2  
  27  2:22  Zergling x2  
  29  2:24  Drone  
  30  2:38  Hatchery  
  30  2:42  Drone  
  30  2:49  Queen  
  32  2:53  Drone x2  
  34  2:58  Drone  
  34  2:59  Drone  
  34  3:03  Baneling Nest  
  35  3:08  Overlord  
  34  3:25  Overlord  
  34  3:28  Zergling x4  
  34  3:29  Drone x5  
  34  3:33  Drone x2  
  43  3:41  Zergling x2  
  43  3:44  Zergling x2  
  45  3:48  Baneling  
  45  3:52  Drone x2  
  45  3:54  Extractor  
  45  3:55  Extractor  
  44  3:57  Evolution Chamber x2  
  44  3:59  Drone x4  
  44  4:01  Drone  
  47  4:06  Baneling  
  47  4:07  Drone x2  
  49  4:11  Roach Warren  
  49  4:12  Drone x2  
  50  4:17  Drone x2  
  50  4:22  Baneling  
  50  4:23  Zerg Missile Weapons Level 1  
  52  4:25  Drone x2  
  52  4:27  Baneling  
  52  4:29  Zergling x2  
  52  4:30  Zergling x2  
  55  4:38  Zergling x4  
  55  4:40  Overlord x2  
  55  4:44  Lair  
  54  4:46  Zergling x4  
  54  4:48  Baneling  
  54  4:51  Overlord  
  56  4:55  Drone  
  56  4:56  Overlord  
  57  5:04  Baneling  
  57  5:08  Drone x8  
  63  5:14  Baneling  
  63  5:15  Drone x5  
  63  5:20  Extractor  
  63  5:21  Drone x2  
  69  5:22  Extractor  
  69  5:27  Roach x2  
  69  5:28  Roach  
  73  5:35  Overlord, Pneumatized Carapace  
  73  5:38  Roach x3  
  73  5:39  Drone x2  
  73  5:40  Drone  
  73  5:41  Drone  
  83  5:44  Glial Reconstitution  
  83  5:49  Overseer  
  83  5:52  Drone x2  
  83  5:53  Drone x4  
  89  5:57  Extractor  
  89  6:01  Overlord  
  88  6:04  Overlord  
  87  6:12  Roach x3  
  87  6:13  Overseer  
  93  6:19  Overlord  
  93  6:21  Hatchery  
  92  6:25  Overlord  
  92  6:29  Roach x2  
  92  6:30  Roach x2  
  100  6:33  Overlord  
  100  6:35  Overlord, Drone  
  101  6:41  Roach  
  101  6:42  Roach x4  
  101  6:46  Roach  
  113  6:48  Overlord  
  113  6:50  Overlord  
  113  6:52  Roach x2  
  114  6:55  Roach  
  114  6:56  Roach  
  114  6:57  Roach  
  114  7:01  Roach  
  116  7:03  Roach  
  116  7:07  Roach  
  100  7:10  Roach x2  
  104  7:23  Ravager  
Tags
 
Add a new tag
Caveats
  • Supply blocks, unpowered buildings, or Contaminate may cause inaccurate times.
  • Supply counts are checked every 10 seconds.